 Dungeon Crawl Stone Soup version 0.23.2-40-g277498a001 (webtiles) character file.

Game seed: 17942690774475143356

22808 Martska the Severer (level 13, -4/125 HPs)
             Began as a Hill Orc Fighter on Oct 10, 2019.
             Was a High Priest of Trog.
             Slain by a meliai
             ... wielding a +0 hand axe
              (18 damage)
             ... on level 4 of the Lair of Beasts.
             The game lasted 00:43:53 (17441 turns).

Martska the Severer (Hill Orc Fighter)             Turns: 17441, Time: 00:43:53

Health: -4/125     AC: 15    Str: 28    XL:     13   Next: 2%
Magic:  4/4        EV:  9    Int: 13    God:    Trog [*****.]
Gold:   872        SH: 13    Dex: 15    Spells: 12/12 levels left

rFire    . . .     SeeInvis .   U - +3 broad axe (antimagic)
rCold    x . .     Gourm    .   c - +0 shield
rNeg     . . .     Faith    .   b - +0 scale mail
rPois    .         Spirit   .   E - +2 helmet
rElec    +         Reflect  .   (no cloak)
rCorr    +         Harm     .   (no gloves)
MR       .....                  M - +2 pair of boots "Meyhoperi" {rElec rC- Int+5 Dex+4}
Stlth    ..........             K - amulet of regeneration
HPRegen  0.70/turn              N - +5 ring of strength
MPRegen  0.09/turn              m - ring of resist corrosion

@: about to teleport
A: no striking features
a: Berserk, Trog's Hand, Brothers in Arms, Renounce Religion


You were on level 4 of the Lair of Beasts.
You worshipped Trog.
Trog was extremely pleased with you.
You were not hungry.

You visited 2 branches of the dungeon, and saw 14 of its levels.
You also visited: Sewer.

You collected 872 gold pieces.

Inventory:

Hand Weapons
 a - a +0 war axe
 F - a +1 whip of venom
 O - a +1 scimitar of flaming
 U - a +3 antimagic broad axe (weapon)
 W - a +0 demon trident of flaming
Armour
 b - a +0 scale mail (worn)
 c - a +0 shield (worn)
 i - a +0 helmet
 E - a +2 helmet (worn)
 M - the +2 pair of boots "Meyhoperi" (worn) {rElec rC- Int+5 Dex+4}
   (You found it on level 8 of the Dungeon)

   It affects your intelligence (+5).
   It affects your dexterity (+4).
   It makes you vulnerable to cold.
   It insulates you from electricity.
 T - the cursed +0 buckler of the Everdark {*Slow rPois Str+6 Int+4, unknown}
   (You found it on level 2 of the Lair of Beasts)

   It affects your strength (+6).
   It affects your intelligence (+4).
   It protects you from poison.
   It may slow you when you take damage.
   It has a curse placed upon it.
 X - a +2 scale mail of positive energy
Jewellery
 h - an uncursed amulet of guardian spirit
 m - a ring of resist corrosion (right hand)
 G - an uncursed ring of protection from cold
 K - an amulet of regeneration (around neck)
 N - a +5 ring of strength (left hand)
Wands
 e - a wand of paralysis (8)
 n - a wand of enslavement (9)
 J - a wand of flame (38)
 L - a wand of polymorph (14)
 R - a wand of random effects (16)
Scrolls
 g - 3 scrolls of amnesia
 j - 6 scrolls of remove curse
 o - 3 scrolls of immolation
 p - 6 scrolls of magic mapping
 v - 2 scrolls of random uselessness
 x - a scroll of teleportation
 y - 5 scrolls of fog
 D - 2 scrolls of enchant armour {unknown}
 I - 2 scrolls of brand weapon {unknown}
 Q - 2 scrolls of identify
 V - a scroll of blinking {unknown}
 Y - a scroll of fear
 Z - a scroll of noise {unknown}
Potions
 d - 5 potions of might
 k - a potion of lignification {unknown}
 l - 3 potions of agility
 q - 4 potions of flight
 r - 5 potions of haste
 s - a potion of cancellation {unknown}
 t - 3 potions of curing
 u - 2 potions of invisibility {unknown}
 w - 5 potions of heal wounds
 z - 3 potions of brilliance
 A - 2 potions of magic
 B - a potion of mutation {unknown}
 C - 2 potions of resistance
 H - a potion of degeneration {unknown}
 S - 2 potions of ambrosia {unknown}
Miscellaneous
 P - a phial of floods
Comestibles
 f - 17 rations


   Skills:
 * Level 14.6 Fighting
 * Level 15.4 Axes
 + Level 10.2 Armour
 + Level 10.2 Shields


You had 12 spell levels left.
You didn't know any spells.
Your spell library contained the following spells:

 Spells                   Type           Power        Failure   Level  Hunger
 Beastly Appendage        Tmut           #.....       73%         1    ##.....
 Magic Dart               Conj           #...         73%         1    ##.....
 Summon Small Mammal      Summ           #...         73%         1    ##.....
 Call Imp                 Summ           #.......     86%         2    ###....
 Searing Ray              Conj           #.....       86%         2    ###....
 Sticks to Snakes         Tmut           #.......     86%         2    ###....
 Call Canine Familiar     Summ           #.......     97%         3    ####...
 Dazzling Spray           Conj/Hex       #.....       97%         3    ####...
 Spider Form              Tmut/Pois      #.........   97%         3    ####...
 Summon Guardian Golem    Hex/Summ       #.......     97%         3    ####...
 Force Lance              Conj/Tloc      #.......     100%        4    #####..
 Fulminant Prism          Conj/Hex       #.........   100%        4    #####..
 Ice Form                 Ice/Tmut       #.......     100%        4    #####..
 Iskenderun's Mystic Bla  Conj           #.......     100%        4    #####..
 Summon Ice Beast         Ice/Summ       #.......     100%        4    #####..
 Summon Lightning Spire   Summ/Air       #.......     100%        4    #####..
 Blade Hands              Tmut           #.........   100%        5    ######.


Dungeon Overview and Level Annotations

Branches:
Dungeon (10/15)            Temple (0/1) D:5            Lair (4/6) D:8
  Swamp (0/4) Lair:3       Spider (0/4) Lair:4
    Orc: D:9-12

Altars:
Dithmenos
Elyvilon
Hepliaklqana
Makhleb
Nemelex Xobeh
Qazlal
Ru
Sif Muna
Trog
Vehumet
Wu Jian
Yredelemnul
The Shining One

Shops:
D:4 (   D:5 (   D:10 [

Annotations:
Lair:2 exclusion: 3 oklob plants
Lair:3 2 transporters, exclusion: oklob plant, DroneFragger's ghost, journeyman OpIE


Message History

The queen bee calls on something to defend it! x2
You hear an angry buzzing noise.
You feel better.
You hear an angry buzzing noise.
The meliai closely misses you. The meliai stings you!
* * * LOW HITPOINT WARNING * * *
You hear an angry buzzing noise. x2
The meliai hits you with a +0 hand axe!
* * * LOW HITPOINT WARNING * * *
You block the meliai's attack.
You hear an angry buzzing noise.
The meliai hits you with a +0 hand axe!
* * * LOW HITPOINT WARNING * * *
You block the meliai's attack.
You hear an angry buzzing noise.
You hear an angry buzzing noise.
The meliai barely misses you. You block the meliai's attack.
You hear an angry buzzing noise.
The meliai hits you with a +0 hand axe!!
You die...

..####......## ###....
#...#........#####....
P...........P..##....
### ###
#............P###....
#.###.##
#.#..#......P........
##.....#
##..##......#.##.....
##......###
#..###.....######.##
P.........#
#.........## ####
#.........#
###@P##.#.#
#.........# #y####.##
#P......>.# #y# ###
#.........# #y#
##........#


yy# ### ##........# y### #.####### .#........# .y #.......## #.........####
#........### ###.........# ##..........# You could see a queen bee, a meliai
(berserk) and 3 killer bees.

Vanquished Creatures
  Gastronok (Lair:1)
  Harold (D:9)
  A hydra (Lair:2)
  Erica (Lair:1)
  Urug (Lair:4)
  2 manticores (Lair:2)
  A black mamba (D:8)
  Maurice (D:9)
  5 spiny frogs
  2 rime drakes
  5 komodo dragons
  A queen bee (Lair:2)
  A tyrant leech (Lair:3)
  Grinder (D:3)
  3 blink frogs (Lair:2)
  4 hippogriffs
  Sigmund (D:5)
  2 basilisks
  A wyvern (Lair:2)
  A wraith (D:9)
  28 yaks
  A steam dragon (Lair:2)
  A swamp worm (Lair:3)
  4 water moccasins
  8 porcupines
  2 ice beasts
  2 phantoms
  3 orc warriors
  4 centaurs
  2 wolves (Lair:2)
  5 crocodiles
  3 ogres
  12 bullfrogs
  A gnoll sergeant (D:7)
  3 scorpions
  A water moccasin skeleton (D:10)
  28 killer bees
  A howler monkey (D:5)
  7 crimson imps
  8 hounds
  5 jellies
  3 bullfrog skeletons
  A gnoll shaman (D:7)
  3 orc priests
  5 orc wizards
  3 centaur skeletons
  Jessica (D:3)
  Natasha (thrice) (D:3)
  6 worker ants
  A hound zombie (D:5)
  A worker ant zombie (D:5)
  17 gnolls
  17 adders
  4 river rats (Sewer)
  An ooze (D:1)
  2 adder skeletons
  2 worms (D:2)
  2 dart slugs
  3 leopard geckos
  20 orcs
  7 giant cockroaches
  4 hobgoblins
  3 jackals
  3 quokkas
  12 ball pythons
  A ball python zombie (D:6)
  5 bats
  8 frilled lizards
  11 goblins
  A jackal skeleton (D:4)
  9 kobolds
  31 rats
  10 fungi
  6 plants
371 creatures vanquished.

Vanquished Creatures (others)
  6 fungi (D:8)
  7 plants
13 creatures vanquished.

Grand Total: 384 creatures vanquished

Notes
Turn   | Place    | Note
-------+----------+-------------------------------------------
     0 | D:1      | Martska the Hill Orc Fighter began the quest for the Orb.
     0 | D:1      | Reached XP level 1. HP: 19/19 MP: 1/1
   298 | D:1      | Reached XP level 2. HP: 26/27 MP: 2/2
   339 | D:1      | Reached skill level 3 in Axes
   405 | D:1      | Reached XP level 3. HP: 22/33 MP: 3/3
   848 | D:2      | Reached XP level 4. HP: 17/41 MP: 4/4
  1486 | D:2      | Noticed a water elemental
  1487 | D:2      | Found a stormy altar of Qazlal.
  1492 | D:2      | Noticed an earth elemental
  1492 | D:2      | Noticed an air elemental
  1492 | D:2      | Noticed a fire elemental
  1645 | D:2      | Found an ornate altar of the Wu Jian Council.
  1870 | D:2      | Found a deep blue altar of Sif Muna.
  1932 | D:2      | Reached skill level 4 in Axes
  2548 | D:3      | Reached XP level 5. HP: 45/47 MP: 2/5
  2623 | D:3      | Noticed Grinder
  2637 | D:3      | Killed Grinder
  2637 | D:3      | Reached skill level 5 in Fighting
  2637 | D:3      | Reached skill level 5 in Axes
  2637 | D:3      | Reached XP level 6. HP: 32/57 MP: 4/6
  2775 | D:3      | Noticed Natasha
  2780 | D:3      | Killed Natasha
  2835 | D:3      | Noticed Jessica
  2849 | D:3      | Killed Jessica
  2895 | D:3      | Noticed Natasha
  2899 | D:3      | Killed Natasha
  2920 | D:3      | Noticed Natasha
  2929 | D:3      | Killed Natasha
  2929 | D:3      | Reached XP level 7. HP: 60/63 MP: 7/7
  3087 | D:4      | Reached skill level 6 in Axes
  3271 | D:4      | Found Waopt's Weapon Shop.
  3279 | D:4      | Reached skill level 5 in Armour
  3535 | D:4      | Found a bloodstained altar of Trog.
  3541 | D:4      | Became a worshipper of Trog the Wrathful
  3985 | D:5      | Entered Level 5 of the Dungeon
  3994 | D:5      | Reached skill level 5 in Shields
  3994 | D:5      | Reached XP level 8. HP: 57/73 MP: 6/8
  4276 | D:5      | Found a staircase to the Ecumenical Temple.
  4293 | D:5      | Reached skill level 7 in Axes
  4309 | D:5      | Noticed Sigmund
  4318 | D:5      | Killed Sigmund
  4326 | D:5      | Found Dooniamp's Weapon Emporium.
  4459 | D:5      | Found a hazy altar of Hepliaklqana.
  4557 | D:5      | Reached skill level 8 in Axes
  4574 | D:5      | Found a shadowy altar of Dithmenos.
  4602 | D:5      | Reached * piety under Trog
  5161 | D:5      | Found an ornate altar of the Wu Jian Council.
  5161 | D:5      | Found a glowing golden altar of the Shining One.
  5454 | D:5      | Reached XP level 9. HP: 55/82 MP: 4/9
  5699 | D:6      | Found a glowing drain.
  5716 | Sewer    | Entered a sewer
  6071 | Sewer    | Reached skill level 9 in Axes
  6074 | Sewer    | Reached ** piety under Trog
  6485 | D:6      | Found a sparkling altar of Nemelex Xobeh.
  6579 | D:6      | Found a white marble altar of Elyvilon.
  6642 | D:6      | Found a basalt altar of Yredelemnul.
  7653 | D:7      | Reached skill level 10 in Axes
  7940 | D:7      | HP: 4/85 [poisoned by a water moccasin]
  7945 | D:6      | HP: 4/85 [poisoned by a water moccasin]
  7953 | D:6      | HP: 4/85 [poisoned by a water moccasin]
  8707 | D:7      | Found a sacrificial altar of Ru.
  8714 | D:7      | Reached skill level 10 in Fighting
  8719 | D:7      | Reached *** piety under Trog
  9058 | D:8      | Found a radiant altar of Vehumet.
  9300 | D:8      | Reached XP level 10. HP: 64/93 MP: 6/10
  9888 | D:8      | Reached skill level 11 in Axes
 10227 | D:8      | Found a staircase to the Lair.
 10273 | Lair:1   | Entered Level 1 of the Lair of Beasts
 10273 | Lair:1   | Noticed a black mamba
 11343 | D:9      | Noticed Harold
 11355 | D:9      | Killed Harold
 11413 | D:9      | Reached skill level 12 in Axes
 11545 | D:9      | Noticed Maurice
 11557 | D:9      | Killed Maurice
 11557 | D:9      | Reached XP level 11. HP: 71/104 MP: 9/11
 11582 | D:9      | You fall through a shaft!
 11582 | D:10     | Entered Level 10 of the Dungeon
 11582 | D:10     | Found Hiyrul's Armour Emporium.
 11770 | D:10     | Reached **** piety under Trog
 11846 | D:10     | Noticed a skeletal warrior
 11846 | D:10     | Noticed a skeletal warrior
 11848 | D:10     | Noticed a skeletal warrior
 12558 | D:8      | Found a burning altar of Makhleb.
 12595 | D:8      | Got a pair of scorched boots
 12601 | D:8      | Identified the +2 pair of boots "Meyhoperi" {rElec rC-
                  | Int+5 Dex+4} (You found it on level 8 of the Dungeon)
 13606 | Lair:1   | Noticed Erica
 13636 | Lair:1   | Killed Erica
 13636 | Lair:1   | Reached skill level 13 in Axes
 13947 | Lair:1   | Noticed Gastronok
 13971 | Lair:1   | Killed Gastronok
 14341 | Lair:2   | Noticed an oklob plant
 14606 | Lair:2   | Reached XP level 12. HP: 110/115 MP: 12/12
 14629 | Lair:2   | Reached skill level 14 in Axes
 14953 | Lair:2   | Reached ***** piety under Trog
 15280 | Lair:2   | Noticed a six-headed hydra
 15293 | Lair:2   | Killed a six-headed hydra
 15471 | Lair:2   | Got a smoking buckler
 16072 | Lair:3   | Found a transporter.
 16080 | Lair:3   | Noticed DroneFragger's ghost (journeyman OpIE)
 16083 | Lair:3   | Noticed a five-headed hydra
 16203 | Lair:3   | Found a transporter.
 16268 | Lair:3   | Reached skill level 15 in Axes
 16270 | Lair:3   | Reached skill level 10 in Armour
 16461 | Lair:3   | Received a gift from Trog
 16464 | Lair:3   | Reached skill level 10 in Shields
 16582 | Lair:3   | Found a staircase to the Swamp.
 16828 | Lair:4   | Noticed Urug
 16848 | Lair:4   | Killed Urug
 16848 | Lair:4   | Reached XP level 13. HP: 125/125 MP: 4/13
 17240 | Lair:4   | Found a hole to the Spider Nest.
 17441 | Lair:4   | Slain by a meliai

Skill      XL: |  1  2  3  4  5  6  7  8  9 10 11 12 |
---------------+-------------------------------------+-----
Fighting       | 4 5 6 7 8 10 11 13 14 | 14.6
Axes           | 3 4 5 6 8 10 12 13 15 | 15.4
Armour         | 4 5 6 7 8 9 10 | 10.2
Shields        | 4 5 6 8 9 10 | 10.2

Action                   |  1- 3 |  4- 6 |  7- 9 | 10-12 | 13-15 || total
-------------------------+-------+-------+-------+-------+-------++-------
Melee: War axe           |   110 |   148 |   494 |   640 |       ||  1392
       Broad axe         |       |       |       |    52 |    19 ||    71
       Whip              |       |       |       |     9 |       ||     9
Invok: Berserk           |       |       |     4 |     8 |       ||    12
       Trog's Hand       |       |       |     2 |     2 |       ||     4
  Use: Scroll            |       |       |    11 |     6 |     1 ||    18
       Potion            |       |       |       |     7 |     1 ||     8
 Stab: Paralysed         |       |       |     2 |       |       ||     2
  Eat: Ration            |       |     2 |     6 |     8 |     1 ||    17
       Chunk             |       |       |     5 |     4 |       ||     9
Armor: Scale mail        |    71 |    88 |   199 |   238 |    15 ||   611
Dodge: Dodged            |    39 |    42 |   197 |   202 |    14 ||   494
Block: Shield            |    50 |    92 |   321 |   402 |    25 ||   890
